 Dungeon Crawl Stone Soup version 0.29-a0-338-g1ff7896281 (webtiles) character file.

Game seed: 10699464752439383838

835 siradein the Vandal (level 7, -4/67 HPs)
             Began as a Naga Hunter on Apr 18, 2022.
             Slain by a troll (14 damage)
             ... on level 5 of the Dungeon.
             The game lasted 00:15:05 (5022 turns).

siradein the Vandal (Naga Hunter)                   Turns: 5022, Time: 00:15:06

Health: -4/67      AC:  8    Str: 14    XL:     7   Next: 99%
Magic:  7/7        EV: 11    Int:  9    God:
Gold:   272        SH:  0    Dex: 16    Spells: 6/6 levels left

rFire   . . .      SeeInvis +   a - +1 hunting sling
rCold   . . .      Faith    .   (no shield)
rNeg    . . .      Spirit   .   b - +0 leather armour
rPois   +          Reflect  .   (no helmet)
rElec   .          Harm     .   (no cloak)
rCorr   .          Rampage  .   p - +0 pair of gloves
Will    .....                   (no barding)
Stlth   ++........              (no amulet)
HPRegen 0.21/turn               q - +4 ring of protection
MPRegen 0.10/turn               w - ring of flight

@: about to teleport, flying, very slow
A: AC +2, large, see invisible, deformed body, poison resistance, slowness 2,
spit poison 1, naga tail 1
a: Spit Poison


You were on level 5 of the Dungeon.
You visited 2 branches of the dungeon, and saw 6 of its levels.

You collected 272 gold pieces.

Inventory:

Hand Weapons
 a - a +1 hunting sling (weapon)
Armour
 b - a +0 leather armour (worn)
 p - a +0 pair of gloves (worn)
Jewellery
 h - a ring of fire
 q - a +4 ring of protection (left hand)
 w - a ring of flight (right hand)
 x - a ring of protection from cold
 y - a ring of magical power
 z - a ring of magical power
Wands
 u - a wand of acid (6)
Scrolls
 c - 2 scrolls of immolation
 d - a scroll of enchant weapon {unknown}
 f - a scroll of torment {unknown}
 k - a scroll of blinking {unknown}
 l - 3 scrolls of teleportation
 m - a scroll of enchant armour {unknown}
 o - 2 scrolls of brand weapon {unknown}
 s - 2 scrolls of identify
 t - a scroll of silence {unknown}
Potions
 e - 4 potions of lignification {unknown}
 g - 2 potions of heal wounds
 i - 2 potions of curing
 j - 2 potions of might
 n - 3 potions of brilliance {unknown}
 r - a potion of degeneration {unknown}
 v - 2 potions of invisibility {unknown}


   Skills:
 + Level 5.3 Fighting
 + Level 5.8 Slings
 + Level 4.4 Dodging
 - Level 1.5 Stealth


You had 6 spell levels left.
You didn't know any spells.
Your spell library contained the following spells:

 Spells                   Type           Power      Damage    Failure   Level
 Freeze                   Ice            0%         1d3       45%         1
 Blink                    Tloc           0%         N/A       61%         2
 Corpse Rot               Necr/Air       0%         N/A       61%         2
 Poisonous Vapours        Pois/Air       0%         N/A       61%         2
 Frozen Ramparts          Ice            0%         1d2       83%         3
 Lesser Beckoning         Tloc           0%         N/A       83%         3
 Hailstorm                Conj/Ice       0%         3d3       99%         4
 Manifold Assault         Tloc           0%         N/A       100%        5


Dungeon Overview and Level Annotations

Branches:
Dungeon (5/15)             Temple (1/1) D:4

Altars:
Ashenzari
Dithmenos
Fedhas
Gozag
Kikubaaqudgha
Makhleb
Nemelex Xobeh
Ru
Sif Muna
Vehumet
Wu Jian
Xom
Yredelemnul
Zin
The Shining One


Innate Abilities, Weirdness & Mutations

Your serpentine skin is tough. (AC +2)
You have supernaturally acute eyesight. (SInv)
Armour fits poorly on your strangely shaped body.
Your system is resistant to poisons. (rPois)
You cover ground very slowly.
You can spit poison.
You have a snake-like lower body.


Message History

You shoot a sling bullet.
The sling bullet hits the troll but does no damage.
You shoot a sling bullet.
The sling bullet hits the troll but does no damage.
Aiming: Spit Poison (1% risk of failure)
Press: ? - help, Shift-Dir - straight line, f/p - troll
Aim: a troll (59% to hit)
The splash of poison hits the troll.
The troll is lightly wounded.
Unknown command.
Okay, then.
Aiming: Corrosive Bolt
Press: ? - help, Shift-Dir - straight line, f/p - troll
Aim: a troll (71% to hit)
The bolt of acid hits the troll!
The acid corrodes the troll!
The troll is heavily wounded.
You shoot a sling bullet.
The sling bullet closely misses the troll.
The troll bites you. The troll claws you! The troll closely misses you.
The troll bites you. The troll claws you. The troll claws you!
You shoot a sling bullet.
The sling bullet barely misses the troll.
The troll bites you. The troll claws you.
The troll claws you but does no damage.
You shoot a sling bullet. The sling bullet hits the troll.
The troll is moderately wounded.
The troll bites you. The troll closely misses you. The troll claws you.
You are too injured to fight recklessly!
You are too injured to fight recklessly!
As you read the scroll of teleportation, it crumbles to dust.
You feel strangely unstable.
You have got your breath back.
The troll closely misses you. The troll misses you. The troll claws you!
The troll bites you.
* * * LOW HITPOINT WARNING * * *
The troll closely misses you. The troll claws you!
* * * LOW HITPOINT WARNING * * *
The troll is no longer covered in acid.
The troll attacks as you move away! The troll bites you!
You die...

# ######### #######
#.......# .......
##.......### #######
#.......... #
#........# # #...(....+
. #
#........####...$..####
#.....@T...............
#.###########......####
#.######### . #..
########>.........
.....
#.........########
..##.#
#.........######## #
#.# #.........+.......
#####.#
#.........#...####
#####.....#
#.............+..#
#.........#


You could see a troll.

Vanquished Creatures
  Grinder (D:5)
  A sky beast (D:4)
  A bullfrog (D:4)
  4 hounds
  A jelly (D:3)
  2 iguanas (D:4)
  2 orc wizards (D:5)
  12 adders
  An ufetubus (D:4)
  A worm (D:2)
  3 dart slugs
  18 orcs
  5 endoplasms
  4 giant cockroaches
  4 goblins
  10 hobgoblins
  8 jackals
  3 quokkas
  4 ball pythons
  7 bats
  5 frilled lizards (D:1)
  6 kobolds
  A rat (D:2)
104 creatures vanquished.

Notes
Turn   | Place    | Note
-------+----------+-------------------------------------------
     0 | D:1      | siradein the Naga Hunter began the quest for the Orb.
     0 | D:1      | Reached XP level 1. HP: 19/19 MP: 1/1
    28 | D:1      | Reached XP level 2. HP: 12/26 MP: 2/2
   759 | D:1      | Reached XP level 3. HP: 33/33 MP: 3/3
  1665 | D:3      | Reached XP level 4. HP: 40/40 MP: 4/4
  1727 | D:3      | Found a faded altar of an unknown god.
  2325 | D:3      | Reached XP level 5. HP: 49/49 MP: 5/5
  3051 | D:4      | Found a shimmering altar of Xom.
  3093 | D:4      | Reached XP level 6. HP: 54/57 MP: 6/6
  3279 | D:4      | Found a staircase to the Ecumenical Temple.
  3288 | Temple   | Entered the Ecumenical Temple
  3821 | D:5      | Entered Level 5 of the Dungeon
  3821 | D:5      | Noticed a sky beast
  3851 | D:4      | Killed a sky beast
  3852 | D:4      | Reached skill level 5 in Slings
  4002 | D:4      | Reached XP level 7. HP: 60/66 MP: 7/7
  4142 | D:5      | Noticed Grinder
  4149 | D:5      | Paralysed by Grinder for 4 turns
  4159 | D:5      | Paralysed by Grinder for 7 turns
  4166 | D:5      | Killed Grinder
  4167 | D:5      | Reached skill level 5 in Fighting
  4699 | D:5      | Noticed a troll
  5022 | D:5      | Slain by a troll

Illustrated notes

Levels and vault maps discovered:
D:1:      minmay_arrival_semitransparent, layout_basic
D:2:      layout_rooms, kennysheep_cross_bottleneck
D:3:      layout_basic, basic_ecumenical_altar
D:4:      layout_loops_ring, mainiacjoe_overflow_catwalk,
          minmay_temple_entry_statues_fountains, grunt_decor_fettered,
          dk_noncrumbling_4
D:5:      layout_basic, uniq_grinder
Temple:   nicolae_temple_great_sept

Skill      XL: |  1  2  3  4  5  6  7 |
---------------+----------------------+-----
Dodging        | 2 3 4 |  4.4
Slings         | 4 5 |  5.8
Fighting       | 3 4 5 |  5.3
Stealth        | |  1.5

Action                   |  1- 3 |  4- 6 |  7- 9 || total
-------------------------+-------+-------+-------++-------
 Fire: Hunting sling     |   106 |   144 |   120 ||   370
 Abil: Spit Poison       |     9 |    14 |    12 ||    35
Evoke: Wand              |       |       |     1 ||     1
  Use: Scroll            |     5 |     1 |     1 ||     7
       Potion            |       |     1 |       ||     1
Armor: Leather armour    |    11 |    35 |    35 ||    81
Dodge: Dodged            |    35 |    75 |    51 ||   161

Table legend: (Time is in decaauts)
 A = Elapsed time spent in this place.
 B = Non-inter-level travel time spent in this place.
 C = Inter-level travel time spent in this place.
 D = Time resting spent in this place.
 E = Time spent auto-exploring this place.
 F = Levels seen in this place.
 G = Mean time per level.
                   A        B        C        D        E       F      G
               +--------+--------+--------+--------+--------+-----+--------+
         Total |   6239 |   6123 |    116 |    666 |   4331 |   6 | 1039.8 |
       Dungeon |   6118 |   6002 |    116 |    666 |   4243 |   5 | 1223.6 |
        Temple |    120 |    120 |      0 |      0 |     88 |   1 |  120.0 |
               +--------+--------+--------+--------+--------+-----+--------+

Top non-repeatable levels by time:
     D:4: 1694 daAuts
     D:3: 1361 daAuts
     D:1: 1234 daAuts
     D:5: 937 daAuts
     D:2: 891 daAuts
  Temple: 120 daAuts
